Unix NetHack Version 5.0.0-0 post-release - last build Jul 19 2026 19:10:59 (3aa4ab31751d3886436d94b585a96704892fd477,branch:main).

Game began 2026-07-22 13:09:31, ended 2026-07-22 15:11:41.

Barrb, neutral female human Barbarian

                                       -----------
                                       |.........|
                                       |.........|
                                       |..V@Z....|
                                       |...MM....|
                                       |.........|
                                       -----------

Barrb the Bandit           St:18/01 Dx:18 Co:18 In:7 Wi:5 Ch:6  Neutral
Dlvl:10 $:5421 HP:0(92) Pw:14(14) AC:2  Xp:7 T:7753  Burdened

Latest messages:
 The gnome mummy hits!
 The vampire bat bites!
 The vampire bat bites again!
 You miss the vampire bat.
 The vampire bat bites!
 The vampire bat bites again!
 The gnome mummy hits!
 The kobold mummy hits!
 The vampire bat bites!
 The vampire bat bites again!
 You smite the vampire bat!
 Your silver saber sears the vampire bat's flesh!
 The vampire bat bites!
 The vampire bat just misses!
 The gnome mummy hits!
 The kobold mummy hits!
 You miss the vampire bat.
 The vampire bat bites!
 The vampire bat bites again!
 The gnome mummy hits!
 The kobold mummy hits!
 The vampire bat bites!
 The vampire bat bites again!
 Your silver saber sears the vampire bat's flesh!
 You kill the vampire bat!
 The seemingly dead vampire bat suddenly transforms and rises as a vampire lord!
 The human zombie hits!
 The vampire lord hits!
 The vampire lord bites!
 The gnome mummy hits!
 You miss the vampire lord.
 The human zombie hits!
 The vampire lord hits!
 The vampire lord bites!
 Goodbye level 9.
 The gnome mummy hits!
 The kobold mummy misses!
 You miss the vampire lord.
 The vampire lord hits!
 The vampire lord bites!
 The gnome mummy hits!
 The kobold mummy hits!
 You smite the vampire lord!
 Your silver saber sears the vampire lord's flesh!
 The human zombie misses!
 The vampire lord hits!
 The vampire lord bites!
 Goodbye level 8.
 You die...
 Do you want your possessions identified? [ynq] (y) q

Inventory:
 Coins    ('$')
  $ - 5421 gold pieces
 Weapons  (')')
  w - 11 blessed +0 ya
  x - 43 blessed +0 darts (at the ready)
  E - 28 +0 darts
  p - 5 cursed +0 darts
  b - a blessed +0 axe
  Q - a +0 silver saber (weapon in right hand)
 Armor    ('[')
  W - an uncursed +0 dwarvish iron helm (being worn)
  a - a blessed +0 pair of elven boots (being worn)
  C - an uncursed +0 pair of low boots
  B - an uncursed +0 dwarvish cloak (being worn)
  L - an uncursed +0 elven mithril-coat (being worn)
 Comestibles  ('%')
  r - an uncursed partly eaten food ration
  z - an uncursed food ration
  Z - 3 cursed food rations
  l - 3 uncursed tripe rations
  K - an uncursed lizard corpse
 Scrolls  ('?')
  v - an uncursed scroll of amnesia
  O - a blessed scroll of create monster
  s - 2 uncursed scrolls of create monster
  U - 2 uncursed scrolls of destroy armor
  V - a cursed scroll of enchant armor
  y - 2 cursed scrolls of enchant weapon
  R - a cursed scroll of gold detection
  o - 3 uncursed scrolls of identify
  S - a blessed scroll of magic mapping
  T - 3 uncursed scrolls of magic mapping
  D - an uncursed scroll of taming
  q - 2 uncursed scrolls of teleportation
 Potions  ('!')
  h - a blessed potion of acid
  F - a cursed potion of blindness
  J - an uncursed potion of fruit juice
  u - an uncursed potion of healing
  f - a potion of holy water
  m - an uncursed potion of water
 Rings    ('=')
  I - an uncursed ring of regeneration (on right hand)
 Wands    ('/')
  t - a wand of create monster (0:9)
  d - a wand of sleep (0:2)
 Tools    ('(')
  H - a bag of tricks (0:5)
  j - an uncursed lock pick
  Y - an uncursed oil lamp (lit)
  A - a +0 pick-axe
  M - 8 uncursed tallow candles
  k - an uncursed tin whistle
  G - an uncursed tin whistle
 Gems/Stones  ('*')
  g - 2 uncursed jasper stones
  N - 2 uncursed worthless pieces of white glass
  n - an uncursed worthless piece of yellow glass

Barrb the Barbarian's attributes:

Background:
 You were a Bandit, a level 7 female human Barbarian.
 You were neutral, on a mission for Crom
 who was opposed by Mitra (lawful) and Set (chaotic).
 You were right-handed.
 You were in the Gnomish Mines, on level 10.
 You entered the dungeon 7753 turns ago.
 You had 1279 experience points, 1 more was needed to attain level 8.

Basics:
 You had 0 out of 92 hit points.
 You had all 14 energy points (spell power).
 Your armor class was 2.
 Your wallet contained 5421 zorkmids.
 Autopickup was off.

Final Characteristics:
 Your strength was 18/01 (limit:18/100).
 Your dexterity was 18 (limit:18).
 Your constitution was 18 (limit:18).
 Your intelligence was 7 (limit:18).
 Your wisdom was 5 (limit:18).
 Your charisma was 6 (limit:18).

Final Status:
 You weren't hungry.
 You were burdened; movement was slightly slowed.
 You were wielding a saber.
 You were unskilled in saber and could have enhanced that.

Final Attributes:
 You were piously aligned.
 Your items were somewhat protected from fire.
 Your items were somewhat protected from cold.
 You were poison resistant.
 You were stealthy.
 You regenerated.
 You were guarded.
 You were fast.
 You are dead.

Miscellaneous:
 You encountered 1 bones level.
 Total elapsed playing time was 2 hours, 2 minutes and 5 seconds.

Major events:
 Turn
    1: Barrb the neutral female human Barbarian entered the dungeon
  565: entered the Gnomish Mines
  878: attained the rank of Pillager (level 3)
 1152: read a Discworld novel
 2834: attained the rank of Bandit (level 6)
 4882: reached Mine Town
 7753: killed by a vampire lord

You didn't know any spells.

Skills:
 Fighting Skills
   bare handed combat [Basic]
   two weapon combat  [Unskilled]
   riding             [Unskilled]
 Weapon Skills
   dagger             [Unskilled]
   axe                [Expert]
   pick-axe           [Unskilled]
   short sword        [Unskilled]
   broadsword         [Unskilled]
   long sword         [Unskilled]
   two-handed sword   [Basic]
   saber              [Unskilled]
   club               [Unskilled]
   mace               [Unskilled]
   morning star       [Unskilled]
   flail              [Unskilled]
   hammer             [Unskilled]
   quarterstaff       [Unskilled]
   spear              [Unskilled]
   trident            [Unskilled]
   bow                [Unskilled]
 Spellcasting Skills
   attack spells      [Unskilled]
   escape spells      [Unskilled]

Voluntary challenges:
 Character rerolling was not enabled.
 You never genocided any monsters.
 You never polymorphed an object.
 You used no wishes.
Achievements:
 You entered the Gnomish Mines.
 You entered a shop.
 You attained the rank of Pillager.
 You read from a Discworld novel.
 You attained the rank of Bandit.
 You entered Minetown.
 You entered a temple.

 The Dungeons of Doom: levels 1 to 6
    Level 1:
    Level 2:
       Some fountains.
       Stairs down to The Gnomish Mines.
    Level 3:
       A scroll shop.
    Level 4:
    Level 5:
       A general store, a fountain, a sink.
    Level 6:
       A potion shop, an altar to Crom.
       Final resting place for
          androo-Tou-Hum-Mal-Neu, killed by a lizard.
 The Gnomish Mines: levels 3 to 10
    Level 3:
    Level 4:
    Level 5:
       Many shops, a temple and an altar, many fountains.
    Level 6:
    Level 7:
    Level 8:
    Level 9:
    Level 10: <- You were here.
       Final resting place for
          you, killed by a vampire lord.


Vanquished creatures:
  a ghost
  a wumpus
  2 small mimics
  a human mummy
  3 giant beetles
  2 quivering blobs
  a cockatrice
  a leprechaun
 an iron piercer
  a scorpion
  a horse
 an ice vortex
  a vampire bat
  2 gnome rulers
 an owlbear
  a werewolf
  a lizard
  a dingo
  a jaguar
  a raven
  2 gnome mummies
  a human zombie
  a rope golem
  3 Woodland-elves
  a soldier ant
  a bugbear
 an imp
  4 Mordor orcs
  a rock mole
  a pony
  a fog cloud
  2 yellow lights
  a violet fungus
 13 gnome leaders
  2 gnomish wizards
  a kobold mummy
  3 elf zombies
  2 straw golems
  4 giant ants
  2 little dogs
  3 floating eyes
 16 dwarves
  a homunculus
 15 hill orcs
  2 rothes
  a rabid rat
  2 centipedes
  2 giant bats
 an orc zombie
  a wererat
  a werejackal
  7 iguanas
  5 killer bees
  a gas spore
  a hobbit
  4 manes
  a brown mold
 58 gnomes
  a gnome zombie
  4 geckos
  8 jackals
  a kobold
  2 goblins
  3 grid bugs
  a bat
  6 lichens
  2 kobold zombies
  7 newts
229 creatures vanquished.

No species were genocided or became extinct.

Game over:
                       ----------
                      /          \
                     /    REST    \
                    /      IN      \
                   /     PEACE      \
                  /                  \
                  |      Barrb       |
                  |     5421 Au      |
                  |   killed by a    |
                  |   vampire lord   |
                  |                  |
                  |                  |
                  |       2026       |
                 *|     *  *  *      | *
        _________)/\\_//(\/(/\)/\//\/|_)_______

Goodbye Barrb the Barbarian...

You died in The Gnomish Mines on dungeon level 10 with 17643 points,
and 5421 pieces of gold, after 7753 moves.
You were level 7 with a maximum of 92 hit points when you died.

